 Dungeon Crawl Stone Soup version 0.28-a0-706-gf6f64a616a (webtiles) character file.

Game seed: 14076847009507880348

105 quinnr the Gusty (level 4, -1/24 HPs)
             Began as a Tengu Air Elementalist on Oct 23, 2021.
             Was a Priest of Lugonu.
             Slain by an orc (3 damage)
             ... on level 3 of the Dungeon on Oct 24, 2021.
             The game lasted 00:04:20 (2836 turns).

quinnr the Gusty (Tengu Air Elementalist)           Turns: 2836, Time: 00:04:20

Health: -1/24      AC:  2    Str:  8    XL:     4   Next: 81%
Magic:  3/9        EV: 12    Int: 16    God:    Lugonu [***...]
Gold:   91         SH:  0    Dex: 15    Spells: 7/8 levels left

rFire   . . .      SeeInvis .   (no weapon)
rCold   . . .      Faith    .   (no shield)
rNeg    . . .      Spirit   .   a - +0 robe
rPois   .          Reflect  .   (helmet restricted)
rElec   .          Harm     .   (no cloak)
rCorr   .          Rampage  .   (no gloves)
Will    .....                   (boots unavailable)
Stlth   ++........              (no amulet)
HPRegen 0.08/turn               (no ring)
MPRegen 0.11/turn               (no ring)

@: no status effects
A: beak, talons 3
a: Renounce Religion, Depart the Abyss, Bend Space, Banish


You were on level 3 of the Dungeon.
You worshipped Lugonu.
Lugonu was most pleased with you.
You visited 1 branch of the dungeon, and saw 3 of its levels.

You collected 91 gold pieces.

Inventory:

Armour
 a - a +0 robe (worn)
Scrolls
 b - a scroll of teleportation {unknown}
 d - 3 scrolls of identify {unknown}
 j - 2 scrolls of amnesia {unknown}
Potions
 c - a potion of curing {unknown}
 e - 3 potions of heal wounds {unknown}
 f - a potion of invisibility {unknown}
 g - a potion of berserk rage {unknown}
 h - a potion of lignification {unknown}
 i - a potion of might {unknown}
 k - a potion of haste {unknown}


   Skills:
 - Level 2.3 Dodging
 - Level 2.1 Stealth
 + Level 2.9 Spellcasting
 - Level 1.7 Conjurations
 * Level 6.1 Air Magic


You had 7 spell levels left.
You knew the following spells:

 Your Spells              Type           Power      Damage    Failure   Level
a - Shock                 Conj/Air       56%        1d6       3%          1

Your spell library contained the following spells:

 Spells                   Type           Power      Damage    Failure   Level
 Swiftness                Air            21%        N/A       4%          3
 Static Discharge         Conj/Air       14%        N/A       6%          2
 Airstrike                Air            10%        N/A       16%         4
 Sandblast                Erth           4%         2d4       19%         1
 Passwall                 Tmut/Erth      1%         N/A       28%         2
 Stone Arrow              Conj/Erth      10%        3d7       36%         3


Dungeon Overview and Level Annotations

Branches:
Dungeon (3/15)

Altars:
Lugonu

Annotations:
D:3 1 runed translucent door, Strat's ghost, amateur GnDe


Innate Abilities, Weirdness & Mutations

You have a beak for a mouth.
You have claws for feet.


Message History

You hear the brisk rusting of a very distant drain.
Found a scale mail.
You see here a +0 leather armour.
Found a chain mail.
You now have 91 gold pieces (gained 10).
An orc priest comes into view. It is wielding a +0 falchion.
The orc priest shouts!
The orc priest moves out of view.
An orc comes into view. It is wielding a +0 whip.
The zap hits the orc priest.
The orc priest is lightly wounded.
The orc shouts!
The zap hits the orc priest.
The orc priest is moderately wounded.
The zap hits the orc.
The orc is lightly wounded.
The zap misses the orc priest.
An orc priest comes into view. It is wielding a +0 whip.
A kobold comes into view. It is wielding a +0 short sword.
The zap misses the orc priest.
The zap misses the orc. x2
The kobold shouts!
The orc priest shouts!
The orc priest mumbles some strange prayers to Beogh against you.
Beogh smites you!
Unknown command.
You aren't carrying any items that you can evoke.
Unknown command.
Okay, then.
Press: ? - help, Shift-Dir - straight line, f/p - orc priest
Aim: an orc priest, wielding a +0 falchion (moderately wounded, chance to affect: 79%)
Okay, then.
Space bends around you!
You blink.
The orc priest hits you with a +0 whip. The kobold hits you but does no damage.
Space bends around you!
You blink.
You hear the brisk rusting of a distant drain.
The orc priest hits you with a +0 falchion.
* * * LOW HITPOINT WARNING * * *
The orc barely misses you.
Unknown command.
Space bends around you!
You blink.
The orc hits you with a +0 whip.
You die...

#.##.[ #####.##..
#.....###.
#..####### #..###
#.. #### #....#
#.. .....#######
##...###..
#...§...###
#........
#..#.K.o@.##
#........ #.
##o§o...##
#........ #.
####.§..###
#.[.#.... #
###....###...#....
##......##......
##.........#.#.
###.....#....#
##########........
..................


You could see 2 orc priests, an orc and a kobold.

Vanquished Creatures
  5 adders
  A dart slug (D:1)
  6 ball pythons
  A bat skeleton (D:2)
  3 bat zombies (D:2)
  3 endoplasms
  4 giant cockroaches
  4 goblins
  7 hobgoblins
  A quokka (D:1)
  A ball python zombie (D:2)
  5 bats
  2 frilled lizards (D:2)
  A jackal skeleton (D:2)
  3 kobolds
  7 rats
54 creatures vanquished.

Vanquished Creatures (others)
  7 withered plants (D:2)
7 creatures vanquished.

Grand Total: 61 creatures vanquished

Notes
Turn   | Place    | Note
-------+----------+-------------------------------------------
     0 | D:1      | quinnr the Tengu Air Elementalist began the quest for the
                  | Orb.
     0 | D:1      | Reached XP level 1. HP: 10/10 MP: 4/4
     0 | D:1      | Upgraded the game from 0.28-a0-697-g47f3eba078 to
                  | 0.28-a0-706-gf6f64a616a
   192 | D:1      | Reached XP level 2. HP: 15/15 MP: 0/6
   255 | D:1      | Found a faded altar of an unknown god.
   275 | D:1      | Prayed at the altar of an unknown god.
   275 | D:1      | Became a worshipper of Lugonu the Unformed
   275 | D:1      | Reached * piety under Lugonu
   275 | D:1      | Reached ** piety under Lugonu
   755 | D:1      | Reached XP level 3. HP: 19/19 MP: 5/7
  1238 | D:2      | Reached skill level 5 in Air Magic
  1546 | D:2      | Reached XP level 4. HP: 24/24 MP: 4/8
  1843 | D:2      | Reached *** piety under Lugonu
  2423 | D:3      | Found a runed translucent door.
  2445 | D:3      | Noticed a bullfrog
  2446 | D:3      | Noticed Strat's ghost (amateur GnDe)
  2579 | D:3      | Reached skill level 6 in Air Magic
  2836 | D:3      | Slain by an orc

Illustrated notes

Levels and vault maps discovered:
D:1:      dpeg_arrival_rhombi, layout_rooms, chequers_ecumenical_altar_twisty
D:2:      layout_loops_corners, serial_undead, serial_undead_c, serial_undead_a,
          serial_undead_f, serial_undead_f, serial_undead_a, serial_undead_f
D:3:      layout_rooms, serial_curves, eino_curves_03, eino_curves_02,
          eino_curves_02, eino_curves_04, gup_sewer_entry_bowl,
          ebering_ghost_sewer_d

Skill      XL: |  1  2  3  4 |
---------------+-------------+-----
Air Magic      | 5 6 |  6.1
Dodging        | |  2.3
Stealth        | |  2.1
Spellcasting   | |  2.9
Conjurations   | |  1.7

Action                   |  1- 3 |  4- 6 || total
-------------------------+-------+-------++-------
Melee: Unarmed           |     5 |       ||     5
       Kick              |     2 |       ||     2
       Peck              |     2 |       ||     2
 Cast: Shock             |    72 |    56 ||   128
Invok: Bend Space        |       |     3 ||     3
Armor: Robe              |     2 |     5 ||     7
Dodge: Dodged            |    10 |    13 ||    23

Table legend: (Time is in decaauts)
 A = Elapsed time spent in this place.
 B = Non-inter-level travel time spent in this place.
 C = Inter-level travel time spent in this place.
 D = Time resting spent in this place.
 E = Time spent auto-exploring this place.
 F = Levels seen in this place.
 G = Mean time per level.
                   A        B        C        D        E       F      G
               +--------+--------+--------+--------+--------+-----+--------+
         Total |   2835 |   2794 |     41 |      8 |   2509 |   3 |  945.0 |
       Dungeon |   2835 |   2794 |     41 |      8 |   2509 |   3 |  945.0 |
               +--------+--------+--------+--------+--------+-----+--------+

Top non-repeatable levels by time:
     D:2: 1476 daAuts
     D:1: 900 daAuts
     D:3: 458 daAuts
